 Dungeon Crawl Stone Soup version 0.29.0-4-gdea44cf6ec (webtiles) character file.

Game seed: 6253332875565734082

603 qw the Cleaver (level 7, -3/41 HPs)
             Began as a Tengu Warper on Aug 28, 2022.
             Was an Initiate of Okawaru.
             Engulfed by a steam dragon's steam (5 damage)
             ... on level 5 of the Dungeon.
             The game lasted 00:00:31 (4809 turns).

qw the Cleaver (Tengu Warper)                       Turns: 4809, Time: 00:00:31

Health: -3/41      AC:  9    Str: 13    XL:     7   Next: 42%
Magic:  11/11      EV:  7    Int: 14    God:    Okawaru [......]
Gold:   303        SH:  0    Dex: 13    Spells: 10/10 levels left

rFire   . . .      SeeInvis .   Y - +0 hand axe (vorpal)
rCold   . . .      Faith    .   (no shield)
rNeg    . . .      Spirit   .   b - +0 chain mail {Will+}
rPois   +          Reflect  .   (helmet restricted)
rElec   .          Harm     .   (no cloak)
rCorr   .          Rampage  .   h - +0 pair of gloves
Will    +....                   (boots unavailable)
Stlth   ..........              (no amulet)
HPRegen 0.13/turn               c - ring of poison resistance
MPRegen 0.12/turn               (no ring)

@: flying quickly and evasively, quick
A: beak, talons 3, nimble flight
a: Renounce Religion


You were on level 5 of the Dungeon.
You worshipped Okawaru.
Okawaru was noncommittal.
You visited 2 branches of the dungeon, and saw 6 of its levels.

You collected 303 gold pieces.


Innate Abilities, Weirdness & Mutations

You have a beak for a mouth.
You have claws for feet.
Your magical nature lets you fly swiftly and evasively.


   Skills:
 - Level 3.0 Fighting
 - Level 8.1 Axes
 - Level 1.0 Throwing
 + Level 2.1 Armour
 - Level 2.1 Dodging
 - Level 2.0 Spellcasting
 - Level 2.4 Translocations


You had 10 spell levels left.
You didn't know any spells.
Your spell library contained the following spells:

 Spells                   Type           Power      Damage    Failure   Level
 Blink                    Tloc           16%        N/A       99%         2
 Gell's Gravitas          Tloc           8%         N/A       100%        3
 Lesser Beckoning         Tloc           8%         N/A       100%        3
 Teleport Other           Tloc           8%         N/A       100%        3
 Manifold Assault         Tloc           8%         N/A       100%        5

Inventory:

Hand Weapons
 o - a +0 morningstar
 Y - a +0 vorpal hand axe (weapon)
Armour
 b - a +0 chain mail of willpower (worn)
 h - a +0 pair of gloves (worn)
Jewellery
 a - an amulet of the acrobat
 c - a ring of poison resistance (left hand)
Scrolls
 d - a scroll of enchant weapon {unknown}
 f - a scroll of identify
Potions
 q - a potion of curing {unknown}
 r - a potion of degeneration {unknown}

Dungeon Overview and Level Annotations

Branches:
Dungeon (5/15)             Temple (1/1) D:5

Altars:
Ashenzari
Cheibriados
Dithmenos
Elyvilon
Fedhas
Gozag
Hepliaklqana
Kikubaaqudgha
Makhleb
Nemelex Xobeh
Okawaru
Qazlal
Sif Muna
Uskayaw
Vehumet
Xom
Yredelemnul
Zin
The Shining One

Shops:
D:1 (

Annotations:
D:4 2 transporters, qw's ghost, amateur TeWr


Message History

Things that are here:
a potion of attraction; a +0 scale mail
There is a fountain of clear blue water here.
There is a fountain of clear blue water here.
There is a fountain of clear blue water here.
An iguana and a steam dragon come into view.
The iguana hisses angrily.
The steam dragon hisses angrily.
You see here a potion of magic.
Found a brown potion.
You hit the steam dragon but do no damage.
You claw the steam dragon, but do no damage.
You peck the steam dragon, but do no damage.
You hit the iguana. The iguana bites you. The steam dragon bites you.
The steam dragon claws you but does no damage.
You barely miss the iguana. You claw the iguana.
The iguana is heavily wounded.
You hit the steam dragon but do no damage.
The iguana bites you but does no damage.
The steam dragon bites you. The steam dragon claws you.
You closely miss the iguana. Your kick misses the iguana.
Your peck misses the iguana.
The iguana is heavily wounded.
You hit the steam dragon but do no damage.
The iguana barely misses you. The steam dragon breathes steam at you.
The ball of steam hits you!
You hit the iguana but do no damage.
The iguana is heavily wounded.
You hit the steam dragon but do no damage.
You are engulfed in a cloud of scalding steam.
The iguana bites you!
The steam dragon bites you but does no damage.
The steam dragon barely misses you.
You hit the iguana but do no damage. You claw the iguana, but do no damage.
You peck the iguana, but do no damage.
The iguana is heavily wounded.
You hit the steam dragon but do no damage.
You are engulfed in a cloud of scalding steam.
You die...

#........# #.......?#
#........# #####.#.##
######...### ####
#####...........
##...##¤¤....####..###
##.....¤.####.####..###
#....l@!####...........
#....D..##...8}........
#.......##.............
##.....###...8}.>......
#....... ##............
#......! #..8}........
#....... #......##....
##.....## ######..#..#.
#.!.......


You could see a steam dragon (catching breath) and an iguana.

Vanquished Creatures
  An ogre (D:4)
  A phantom (D:5)
  An orc priest (D:3)
  3 iguanas
  7 orc wizards
  Terence (D:3)
  3 gnolls (D:5)
  4 adders
  3 worms (D:5)
  4 dart slugs
  13 orcs
  4 endoplasms
  6 giant cockroaches
  4 goblins
  6 hobgoblins
  2 jackals (D:5)
  A quokka (D:3)
  9 ball pythons
  2 bats
  A frilled lizard (D:1)
  3 kobolds
  6 rats
85 creatures vanquished.

Vanquished Creatures (others)
  6 plants (D:4)
6 creatures vanquished.

Grand Total: 91 creatures vanquished

Notes
Turn   | Place    | Note
-------+----------+-------------------------------------------
     0 | D:1      | qw the Tengu Warper began the quest for the Orb.
     0 | D:1      | Reached XP level 1. HP: 12/12 MP: 4/4
     0 | D:1      | 0 ||| qw: Version: 0.1-a-89-g26bdef1
     0 | D:1      | 0 ||| qw: Game counter: 2897
     0 | D:1      | 0 ||| qw: Always use a shield: true
     0 | D:1      | 0 ||| qw: God list: Okawaru
     0 | D:1      | 0 ||| qw: Allow faded altars: false
     0 | D:1      | 0 ||| qw: Do Orc after D:15 true
     0 | D:1      | 0 ||| qw: Do second Lair branch before Depths: true
     0 | D:1      | 0 ||| qw: Lair rune preference: random
     0 | D:1      | 0 ||| qw: Plans: Normal
     0 | D:1      | 0 ||| PLANNING D:1-11
   222 | D:1      | Reached skill level 3 in Axes
   222 | D:1      | Reached XP level 2. HP: 15/17 MP: 6/6
   323 | D:1      | Found Lateite's Weapon Boutique.
   379 | D:1      | 379 ||| READING scroll labelled CICLEIX LIHOG.
   380 | D:1      | 380 ||| READING scroll labelled PULEAMOSEU.
   615 | D:1      | 615 ||| Stepping ~*~*~tactically~*~*~ (stealth).
   670 | D:1      | 670 ||| READING scroll labelled LEMIYFFOEZE.
   671 | D:1      | 671 ||| READING scroll labelled VUEP MIBLI.
   672 | D:1      | 672 ||| READING scroll labelled GORPHI BUXECIM.
   773 | D:1      | 773 ||| DRINKING 2 murky silvery potions.
   774 | D:1      | 774 ||| DROPPING scroll of blinking.
   775 | D:1      | 775 ||| DROPPING potion of magic.
   865 | D:2      | Reached skill level 4 in Axes
   865 | D:2      | Reached XP level 3. HP: 15/21 MP: 7/7
  1029 | D:2      | 1029 ||| Stepping ~*~*~tactically~*~*~ (stealth).
  1032 | D:2      | 1032 ||| Stepping ~*~*~tactically~*~*~ (stealth).
  1033 | D:2      | 1033 ||| Stepping ~*~*~tactically~*~*~ (stealth).
  1034 | D:2      | 1034 ||| Stepping ~*~*~tactically~*~*~ (stealth).
  1055 | D:2      | 1055 ||| DROPPING +0 club.
  1094 | D:2      | 1094 ||| Stepping ~*~*~tactically~*~*~ (hiding).
  1196 | D:2      | 1196 ||| Stepping ~*~*~tactically~*~*~ (hiding).
  1198 | D:2      | 1198 ||| Stepping ~*~*~tactically~*~*~ (hiding).
  1500 | D:2      | 1500 ||| UPGRADING to +0 pair of gloves.
  1505 | D:2      | 1505 ||| READING scroll labelled WEOFFE TUHUMN.
  1554 | D:3      | 1554 ||| Stepping ~*~*~tactically~*~*~ (stealth).
  1801 | D:3      | Reached XP level 4. HP: 26/26 MP: 8/8
  1814 | D:3      | Reached skill level 5 in Axes
  1920 | D:3      | 1920 ||| DROPPING +0 whip.
  2030 | D:3      | Found a faded altar of an unknown god.
  2161 | D:3      | 2161 ||| Stepping ~*~*~tactically~*~*~ (stealth).
  2163 | D:3      | 2163 ||| Stepping ~*~*~tactically~*~*~ (stealth).
  2167 | D:3      | 2167 ||| Stepping ~*~*~tactically~*~*~ (stealth).
  2175 | D:3      | Noticed Terence
  2182 | D:3      | Killed Terence
  2183 | D:3      | Gained mutation: Your magical nature lets you fly swiftly
                  | and evasively. [Tengu growth]
  2183 | D:3      | Reached XP level 5. HP: 11/30 MP: 9/9
  2537 | D:3      | 2537 ||| UPGRADING to +0 ring mail.
  2547 | D:3      | 2547 ||| DROPPING +0 leather armour.
  2548 | D:3      | 2548 ||| UPGRADING to +0 scale mail.
  2558 | D:3      | 2558 ||| DROPPING +0 ring mail.
  2559 | D:3      | 2559 ||| UPGRADING to ring of poison resistance.
  2560 | D:3      | 2560 ||| READING scroll labelled COAWNI SOTI.
  2561 | D:3      | 2561 ||| READING scroll labelled BUFFED EPLAY.
  2562 | D:3      | 2562 ||| READING scroll labelled UNUOWN VUQEY.
  2563 | D:3      | 2563 ||| DRINKING 2 amethyst potions.
  2564 | D:3      | 2564 ||| READING 4 scrolls of identify.
  2564 | D:3      | 2564 ||| IDENTIFYING smoky red potion
  2565 | D:3      | 2565 ||| READING 3 scrolls of identify.
  2565 | D:3      | 2565 ||| IDENTIFYING lumpy silvery potion
  2566 | D:3      | 2566 ||| READING 2 scrolls of identify.
  2566 | D:3      | 2566 ||| IDENTIFYING fuming black potion
  2567 | D:3      | 2567 ||| DROPPING potion of flight.
  2568 | D:3      | 2568 ||| DROPPING potion of lignification.
  2569 | D:3      | 2569 ||| DROPPING potion of brilliance.
  2597 | D:4      | Noticed an ogre
  2605 | D:4      | Killed an ogre
  2606 | D:4      | Reached skill level 6 in Axes
  2627 | D:4      | Found a transporter.
  2669 | D:4      | Found a transporter.
  2723 | D:4      | Reached XP level 6. HP: 28/35 MP: 10/10
  2727 | D:4      | Reached skill level 7 in Axes
  2732 | D:4      | HP: 5/35 [something/magic dart (6)]
  2733 | D:4      | 2733 ||| DRINKING potion of heal wounds.
  2916 | D:4      | Identified the +4 spear "Rihant" {chaos, Str+5 Stlth+}
  3024 | D:4      | Noticed qw's ghost (amateur TeWr)
  3112 | D:4      | Found a burning altar of Makhleb.
  3135 | D:4      | Reached skill level 3 in Fighting
  3348 | D:4      | 3348 ||| READING 2 scrolls of identify.
  3348 | D:4      | 3348 ||| IDENTIFYING metallic amethyst potion
  3349 | D:4      | 3349 ||| DROPPING potion of berserk rage.
  3366 | D:5      | Entered Level 5 of the Dungeon
  3381 | D:5      | HP: 7/37 [something/puff of flame (6)]
  3387 | D:5      | HP: 5/37 [something/magic dart (1)]
  3389 | D:5      | Reached XP level 7. HP: 6/41 MP: 11/11
  3440 | D:5      | 3440 ||| FLEEEEING.
  3444 | D:5      | 3444 ||| STAIRDANCE
  3658 | D:5      | 3658 ||| STAIRDANCE
  3769 | D:5      | 3769 ||| FLEEEEING.
  3770 | D:5      | 3770 ||| FLEEEEING.
  3771 | D:5      | 3771 ||| STAIRDANCE
  4055 | D:5      | Found a staircase to the Ecumenical Temple.
  4056 | D:5      | 4056 ||| PLANNING TEMPLE
  4056 | D:5      | 4056 ||| UPGRADING to +0 chain mail.
  4066 | D:5      | 4066 ||| DROPPING +0 scale mail.
  4067 | D:5      | 4067 ||| READING 2 scrolls of identify.
  4067 | D:5      | 4067 ||| IDENTIFYING viscous puce potion
  4068 | D:5      | 4068 ||| DROPPING potion of attraction.
  4077 | Temple   | Entered the Ecumenical Temple
  4090 | Temple   | Became a worshipper of Warmaster Okawaru
  4094 | Temple   | 4094 ||| PLANNING D:1-11
  4094 | Temple   | 4094 ||| UPGRADING to +0 chain mail of willpower.
  4104 | Temple   | 4104 ||| DROPPING +0 chain mail.
  4436 | D:5      | 4436 ||| Stepping ~*~*~tactically~*~*~ (stealth).
  4530 | D:5      | Found a glowing golden altar of the Shining One.
  4530 | D:5      | Found a shimmering altar of Xom.
  4548 | D:5      | Reached skill level 8 in Axes
  4630 | D:5      | Found a glowing silver altar of Zin.
  4704 | D:5      | 4704 ||| Stepping ~*~*~tactically~*~*~ (stealth).
  4801 | D:5      | Noticed a steam dragon
  4808 | D:5      | HP: 2/41 [iguana (11)]
  4809 | D:5      | Engulfed by a steam dragon's steam

Levels and vault maps discovered:
D:1:      scummos_arrival_checkerplants, layout_basic, serial_shops, shop,
          serial_glass, glass_columns_a, glass_columns_b, feat_on_display,
          feat_on_display, due_unseen_surprise, minmay_strange_pillars
D:2:      layout_rooms
D:3:      layout_basic, hellmonk_ecumenical_altar_slurped_away, uniq_terence
D:4:      layout_basic, lemuel_tele_altar, gammafunk_ghost_gnarly_gnolls,
          minmay_misc_feat_four_crosses
D:5:      layout_rooms, grunt_temple_overflow_open,
          minmay_temple_entry_drinking_statues
Temple:   hellmonk_temple_two_chambers

Skill      XL: |  1  2  3  4  5  6  7 |
---------------+----------------------+-----
Axes           | 3 4 5 6 7 8 |  8.1
Fighting       | 3 |  3.0
Armour         | 2 |  2.1
Throwing       | |  1.0
Dodging        | |  2.1
Spellcasting   | |  2.0
Translocations | |  2.4

Action                   |  1- 3 |  4- 6 |  7- 9 || total
-------------------------+-------+-------+-------++-------
Melee: Hand axe          |    66 |    81 |    68 ||   215
       Peck              |     5 |    16 |    11 ||    32
       Kick              |    12 |    21 |    24 ||    57
       Punch             |       |     1 |     1 ||     2
Throw: Boomerang         |     7 |       |       ||     7
  Use: Scroll            |     6 |     7 |     1 ||    14
       Potion            |     1 |     2 |       ||     3
Armor: Leather armour    |    12 |       |       ||    12
       Scale mail        |       |    46 |     3 ||    49
       Chain mail        |       |       |    19 ||    19
Dodge: Dodged            |    35 |    45 |    14 ||    94

Table legend:
 A = Non-vault XP
 B = Vault XP
 C = Vault XP percentage of total XP
 D = Non-vault monster count
 E = Vault monster count
 F = Vault count percentage of total count
                 A         B        C        D         E       F
            +---------+---------+-------+---------+---------+-------
      Total |     828 |      34 |   3.9 |      83 |       2 |   2.4
            +---------+---------+-------+---------+---------+-------
        D:1 |      30 |       0 |   0.0 |      17 |       0 |   0.0
        D:2 |      31 |       0 |   0.0 |      12 |       0 |   0.0
        D:3 |      77 |      34 |  30.6 |      13 |       2 |  13.3
        D:4 |     318 |       0 |   0.0 |      15 |       0 |   0.0
        D:5 |     372 |       0 |   0.0 |      26 |       0 |   0.0
            +---------+---------+-------+---------+---------+-------
